 Dungeon Crawl Stone Soup version 0.31-a0-145-g046c7d2549 (webtiles) character file.

Game seed: 7696525134634036678

7849 2FriedEggs the Carver (level 11, -9/69 HPs)
             Began as an Octopode Berserker on June 7, 2023.
             Was an Elder of Trog.
             Mangled by a troll (17 damage)
             ... on level 10 of the Dungeon.
             The game lasted 00:18:31 (10554 turns).

2FriedEggs the Carver (Octopode Berserker)         Turns: 10554, Time: 00:18:31

Health: -9/69      AC:  1    Str: 16    XL:     11   Next: 21%
Magic:  11/11      EV: 13    Int: 11    God:    Trog [****..]
Gold:   396        SH:  0    Dex: 15    Spells: 10/10 levels left

rFire   . . .        F - +4 scimitar
rCold   + . .        p - +0 kite shield
rNeg    . . .        (helmet restricted)
rPois   .            t - amulet of faith
rElec   .            z - ring of protection from cold
rCorr   .            (no ring)
SInv    .            (no ring)
Will    .....        (no ring)
Stlth   ++           (no ring)
HPRegen 0.31/turn    (no ring)
MPRegen 0.12/turn    (no ring)
                     (no ring)

%: faith
@: confused, lethally poisoned (-9 -> -20), on berserk cooldown, slowed, very
slow
A: almost no armour, amphibious, 8 rings, camouflage 1, gelatinous body 1,
(nimble swimmer 1), tentacles
a: Renounce Religion, Berserk, Trog's Hand, Brothers in Arms


You were on level 10 of the Dungeon.
You worshipped Trog.
Trog was greatly pleased with you.
You visited 2 branches of the dungeon, and saw 11 of its levels.

You collected 396 gold pieces.

Inventory:

Hand Weapons
 a - a +0 vampiric falchion
 j - a +1 dagger of venom
 m - a +2 short sword of freezing
 x - a +2 dagger of electrocution
 y - a +0 scimitar
 E - a +2 long sword of flaming
 F - a +4 scimitar (weapon)
 H - a +0 dagger
Missiles
 g - 4 javelins (quivered)
 o - a throwing net
 I - a curare-tipped dart
Armour
 p - a +0 kite shield (worn)
Jewellery
 b - a ring of ice
 t - an amulet of faith (around mantle)
 z - a ring of protection from cold (left tentacle)
Wands
 h - a wand of flame (13)
 C - a wand of roots (13)
 G - a wand of mindburst (2)
Scrolls
 i - 4 scrolls of enchant armour
 n - a scroll of blinking
 u - 4 scrolls of teleportation
 A - a scroll of torment
 B - 6 scrolls of identify
 J - a scroll of fog
Potions
 c - 2 potions of haste
 d - a potion of lignification
 e - a potion of invisibility {unknown}
 f - 4 potions of curing {unknown}
 k - 3 potions of degeneration {unknown}
 l - 2 potions of might
 q - 2 potions of attraction {unknown}
 r - 2 potions of magic {unknown}
 s - 3 potions of enlightenment {unknown}
 v - 2 potions of mutation {unknown}
 w - 2 potions of cancellation {unknown}
 D - 2 potions of brilliance {unknown}


   Skills:
 + Level 4.1 Fighting
 - Level 14.0 Long Blades
 + Level 4.1 Dodging
 + Level 9.2 Shields


You had 10 spell levels left.
You didn't know any spells.
Your spell library was empty.

Dungeon Overview and Level Annotations

Branches:
Dungeon (10/15)            Temple (1/1) D:7             Orc (0/2) D:9
   Lair: D:8-11

Altars:
Ashenzari
Fedhas
Hepliaklqana
Kikubaaqudgha
Makhleb
Okawaru
Qazlal
Ru
Sif Muna
Trog
Uskayaw
Wu Jian
Zin
The Shining One

Shops:
D:7 [*!

Annotations:
D:3 1 runed translucent door, Crazy Yiuf
D:7 1 runed translucent door, voltaire321's ghost, novice GrEE
D:8 2 transporters, DeltaZero's ghost, novice HOFi


Innate Abilities, Weirdness & Mutations

You cannot wear most types of armour.
You are amphibious.
You can wear up to eight rings at the same time.
Your skin changes colour to match your surroundings (Stealth+).
Your rubbery body absorbs attacks. (AC +1, EV +1)
((You are camouflaged when in or above water. (Stealth+)))
You have tentacles for arms and can constrict up to eight enemies at once.


Message History

The centaur warrior is almost dead.
You slice the centaur warrior!!
You feel the power of Trog in you as your rage grows.
You kill the centaur warrior!
Trog accepts your kill. Something hits you.
Your Fighting skill increases to level 4!
Your Dodging skill increases to level 4!
You are too berserk!
You miss something. You slice something!! Trog accepts your kill.
Trog appreciates your killing of a magic user.
Reactivating autopickup.
You feel a bit more experienced.
You hear some strange, mumbled words.
Deactivating autopickup; reactivate with Ctrl-A.
You are confused.
You bump into the rock wall.
You bump into the rock wall.
You feel a strong urge to attack something.
The troll misses you. The troll barely misses you.
The troll closely misses you. Something hits you.
You barely miss the troll. Something hits you.
You are poisoned.
The troll bites you. The troll claws you!
* * * LOW HITPOINT WARNING * * *
The troll barely misses you.
Unknown command.
You are too berserk!
You bump into the rock wall.
You feel sick.
You bump into the rock wall.
You feel a strong urge to attack something.
You are no longer berserk.
You are exhausted.
You feel yourself slow down. Something hits you.
* * * LOW HITPOINT WARNING * * *
You are lethally poisoned!
The troll bites you!
You die...

#### .....
#.oY###############
#Y{@T...........#
.....Y###.######.##.#
..... ...# #.##.####
#... ##### #.##....#
... #.##..#.. #.
#.##.###. #
####.##..#..
#.........)#
#.......#.##


You could see 3 yaks, a troll and an orc.

Vanquished Creatures
  2 two-headed ogres
  A centaur warrior (D:10)
  Joseph (D:9)
  Maggie (D:6)
  Grinder (D:6)
  A yak (D:10)
  2 shadows
  A steam dragon (D:9)
  Menkaure (D:5)
  A water moccasin (D:8)
  5 orc warriors
  A sky beast (D:7)
  2 ice beasts
  2 ogres (D:4)
  A black bear (D:8)
  A centaur (D:8)
  A kobold brigand (D:9)
  5 bullfrogs
  3 scorpions
  A gnoll sergeant (D:4)
  15 wights
  11 killer bees (D:9)
  7 howler monkeys
  An orc priest (D:9)
  4 jellies
  A gnoll bouda (D:7)
  3 hounds
  Jessica (D:3)
  5 iguanas
  2 sleepcaps
  Natasha (thrice) (D:3)
  14 orc wizards
  15 gnolls
  8 adders
  A shadow imp (D:6)
  A white imp (D:6)
  2 ufetubi (D:5)
  2 worms
  3 dart slugs
  24 orcs
  6 ball pythons
  7 bats
  6 endoplasms
  6 giant cockroaches
  6 goblins
  5 hobgoblins
  12 kobolds
  2 quokkas
  A frilled lizard (D:1)
  3 rats
211 creatures vanquished.

Notes
Turn   | Place    | Note
-------+----------+-------------------------------------------
     0 | D:1      | 2FriedEggs the Octopode Berserker began the quest for the
                  | Orb.
     0 | D:1      | Reached XP level 1. HP: 16/16 MP: 1/1
    33 | D:1      | Reached XP level 2. HP: 21/21 MP: 2/2
   283 | D:1      | Reached skill level 4 in Long Blades
   474 | D:1      | Reached XP level 3. HP: 19/26 MP: 3/3
   793 | D:2      | Reached ** piety under Trog
  1077 | D:3      | Noticed Natasha
  1084 | D:3      | Killed Natasha
  1085 | D:3      | Reached XP level 4. HP: 26/31 MP: 4/4
  1225 | D:2      | Reached skill level 5 in Long Blades
  1740 | D:3      | Noticed Jessica
  1749 | D:3      | Killed Jessica
  1803 | D:3      | Reached XP level 5. HP: 26/36 MP: 5/5
  1996 | D:3      | Found a runed translucent door.
  1997 | D:3      | Noticed Crazy Yiuf
  2126 | D:3      | Noticed Natasha
  2140 | D:3      | Killed Natasha
  2259 | D:3      | Reached skill level 6 in Long Blades
  2295 | D:3      | Noticed Natasha
  2300 | D:3      | Killed Natasha
  2676 | D:4      | Noticed an ogre
  2862 | D:4      | Reached XP level 6. HP: 40/42 MP: 6/6
  2998 | D:4      | Reached skill level 7 in Long Blades
  3027 | D:4      | Reached *** piety under Trog
  3057 | D:4      | Reached XP level 7. HP: 40/46 MP: 7/7
  3092 | D:4      | Reached skill level 8 in Long Blades
  3582 | D:5      | Entered Level 5 of the Dungeon
  4090 | D:5      | Reached skill level 1 in Shields
  4179 | D:5      | Reached skill level 9 in Long Blades
  4462 | D:5      | Reached XP level 8. HP: 52/52 MP: 8/8
  4522 | D:5      | Noticed Menkaure
  4527 | D:5      | Killed Menkaure
  5229 | D:6      | Found a sacrificial altar of Ru.
  5299 | D:6      | Noticed Grinder
  5306 | D:6      | Killed Grinder
  5307 | D:6      | Reached skill level 10 in Long Blades
  5553 | D:6      | Noticed Maggie
  5565 | D:6      | HP: 1/52 [Maggie/bolt of fire (18)]
  5568 | D:6      | Killed Maggie
  5569 | D:6      | Reached XP level 9. HP: 55/56 MP: 9/9
  5860 | D:6      | Found a shimmering blue altar of Sif Muna.
  5861 | D:6      | Found an iron altar of Okawaru.
  5864 | D:6      | Found an ancient bone altar of Kikubaaqudgha.
  5865 | D:6      | Found a hazy altar of Hepliaklqana.
  5906 | D:6      | Reached skill level 11 in Long Blades
  6385 | D:7      | Found Liedghuh's Assorted Antiques.
  6387 | D:7      | Found Zetenimi's Distillery.
  6387 | D:7      | Found Faimne Eto's Armour Shoppe.
  6467 | D:7      | Reached skill level 5 in Shields
  6643 | D:7      | Noticed voltaire321's ghost (novice GrEE)
  6644 | D:7      | Found a runed translucent door.
  6651 | D:7      | Found a staircase to the Ecumenical Temple.
  6665 | Temple   | Entered the Ecumenical Temple
  6924 | D:7      | Reached **** piety under Trog
  7595 | D:8      | Reached skill level 12 in Long Blades
  7692 | D:8      | Found a transporter.
  7695 | D:8      | Noticed a komodo dragon
  7696 | D:8      | Found a transporter.
  7696 | D:8      | Noticed DeltaZero's ghost (novice HOFi)
  7907 | D:8      | Noticed an efreet
  8038 | D:8      | Reached XP level 10. HP: 37/63 MP: 10/10
  8268 | D:8      | Identified the +1 robe of Qazlal's Grace {rElec}
  8530 | D:8      | Noticed a deep troll
  8560 | D:8      | a deep troll changed into a wolf spider
  8560 | D:8      | Noticed a wolf spider (shapeshifter)
  8576 | D:8      | Noticed a two-headed ogre
  8604 | D:8      | Killed a two-headed ogre
  8605 | D:8      | Reached skill level 13 in Long Blades
  8692 | D:8      | Noticed a brown ugly thing
  8991 | D:8      | Noticed a tengu warrior
  9039 | D:9      | Noticed Joseph
  9234 | D:9      | Killed Joseph
  9469 | D:9      | Found a broken altar of Ashenzari.
  9791 | D:9      | Found a staircase to the Orcish Mines.
  9823 | D:9      | Reached skill level 14 in Long Blades
  9873 | D:9      | Found a stormy altar of Qazlal.
  9887 | D:9      | Reached ***** piety under Trog
 10290 | D:9      | Reached XP level 11. HP: 59/67 MP: 11/11
 10343 | D:9      | Noticed a two-headed ogre
 10352 | D:9      | Killed a two-headed ogre
 10483 | D:10     | Entered Level 10 of the Dungeon
 10533 | D:10     | Noticed a centaur warrior
 10547 | D:10     | Killed a centaur warrior
 10554 | D:10     | Mangled by a troll

Illustrated notes

Levels and vault maps discovered:
D:1:      minmay_arrival_four_loops, layout_loops_cross, minmay_distorted
D:2:      layout_basic
D:3:      layout_basic, uniq_natasha, uniq_crazy_yiuf_cottage, uniq_jessica
D:4:      minmay_inner_zag, layout_basic, minmay_puff
D:5:      layout_cave_pods, uniq_menkaure
D:6:      layout_basic, minitemple, mainiacjoe_overflow_concentric_impassable,
          hangedman_abyss_or_decor_stagger, minmay_misc_feat_enclosed,
          nicolae_sextant, kennysheep_generic_room_12, uniq_maggie, uniq_grinder
D:7:      layout_loops_ring, minmay_temple_entry_junction,
          gammafunk_ghost_grave, st_stairs_12,
          nicolae_shop_distant_corner_stores
D:8:      layout_loops_corners, gammafunk_ghost_arena, minmay_shattered_shrine
D:9:      layout_rooms, nicolae_qazlal_eye_of_the_storm, ashenzari_altar_1,
          uniq_joseph
D:10:     cheibrodos_two_vegetables, layout_loops_ring,
          nicolae_overflow_crystal_walls, minmay_lair_entry_grove,
          gammafunk_ghost_necromancy, minmay_strange_pillars, uniq_maurice,
          uniq_josephine
Temple:   jpeg_temple_clearing

Skill      XL: |  1  2  3  4  5  6  7  8  9 10 11 |
---------------+----------------------------------+-----
Long Blades    | 4 5 6 7 9 10 12 14 | 14.0
Shields        | 1 4 6 8 9 |  9.2
Fighting       | 4 |  4.1
Dodging        | 4 |  4.1

Action                     |  1- 3 |  4- 6 |  7- 9 | 10-12 || total
---------------------------+-------+-------+-------+-------++-------
  Melee: Falchion          |    48 |    13 |   112 |       ||   173
         Constrict         |     9 |    18 |    68 |    22 ||   117
         Tentacles         |     7 |    21 |    73 |    34 ||   135
         Dagger            |       |    73 |    22 |       ||    95
         Punch             |       |     1 |     6 |     1 ||     8
         Scimitar          |       |       |   136 |   152 ||   288
         Long sword        |       |       |       |     2 ||     2
  Throw: Javelin           |       |       |    10 |     2 ||    12
 Invoke: Berserk           |       |     1 |     7 |     9 ||    17
         Trog's Hand       |       |       |     1 |       ||     1
  Evoke: Wand              |       |       |     6 |     3 ||     9
    Use: Scroll            |     1 |     2 |     8 |     1 ||    12
         Potion            |       |       |     1 |     2 ||     3
   Stab: Sleeping          |     7 |     5 |     8 |     1 ||    21
         Distracted        |       |     1 |       |       ||     1
 Armour: Skin              |     4 |     3 |     6 |     9 ||    22
  Dodge: Dodged            |    27 |    41 |   101 |    28 ||   197
  Block: Kite shield       |       |       |    75 |    61 ||   136

Table legend: (Time is in decaauts)
 A = Elapsed time spent in this place.
 B = Non-inter-level travel time spent in this place.
 C = Inter-level travel time spent in this place.
 D = Time resting spent in this place.
 E = Time spent auto-exploring this place.
 F = Levels seen in this place.
 G = Mean time per level.
                   A        B        C        D        E       F      G
               +--------+--------+--------+--------+--------+-----+--------+
         Total |  10680 |  10331 |    349 |   2138 |   6272 |  11 |  970.9 |
       Dungeon |  10623 |  10286 |    337 |   2138 |   6234 |  10 | 1062.3 |
        Temple |     57 |     45 |     12 |      0 |     38 |   1 |   57.0 |
               +--------+--------+--------+--------+--------+-----+--------+

Top non-repeatable levels by time:
     D:8: 1624 daAuts
     D:6: 1425 daAuts
     D:9: 1349 daAuts
     D:7: 1271 daAuts
     D:3: 1270 daAuts
     D:4: 1101 daAuts
     D:5: 1098 daAuts
     D:2: 772 daAuts
     D:1: 645 daAuts
    D:10: 64 daAuts
  Temple: 57 daAuts
